Unix NetHack Version 5.0.0-0 post-release - last build May 30 2026 05:04:26 (55804bc15828dd6e32e9076e0726aa6fccb6e981,branch:main).

Game began 2026-05-30 14:40:01, ended 2026-05-30 15:49:58.

DiePARTEI, neutral female human Tourist

                              -------
                          -----..|..|
                          |.........----------------
                          |..0|...-..^.....%.@dd.d.|
                          |.---.-.....------------||
                          |........|.--  |...hd.do.|
                          |.----..--.|   |.o:..d...|
                          |.......|..|   |..o.o.o..|
                          |.......%.-|   |....o.:..|
                          |..|...|...|   |....<....|
                          |..-----.-.|   |.........|
                          |.0........|   |.........|
                          --.>--------   |.........|
                           ----          -----------

DiePARTEI the Excursionist  St:18/04 Dx:11 Co:16 In:12 Wi:16 Ch:14  Neutral
Dlvl:4  $:30 HP:0(46) Pw:23(23) AC:4  Xp:7 T:4929  Burdened

Latest messages:
 The 2nd dart hits the hill orc!
 In what direction? 6
 You throw 2 darts.
 The 1st dart hits the hill orc!
 You kill the hill orc!
 You have a little trouble lifting a - a blessed +2 dart (at the ready) (2 in total).
 You learn more about your items by comparing them.
 c - an uncursed food ration (12 in total).
 You see here 2 blessed +2 darts.
 You have a little trouble lifting a - 2 blessed +2 darts (at the ready) (4 in total).
 You see here a blessed +2 dart.
 You have a little trouble lifting a - a blessed +2 dart (at the ready) (5 in total).
 The wolf bites!
 The winter wolf cub breathes frost!
 The blast of frost hits the hill orc!
 The blast of frost hits the wolf!
 The blast of frost hits you!
 In what direction? 6
 The dart hits the wolf!
 The winter wolf cub breathes frost!
 The blast of frost hits the hill orc.
 The blast of frost hits the wolf!
 The blast of frost hits you!
 The wolf bites!
 In what direction? 6
 The dart hits the wolf!
 The winter wolf cub breathes frost!
 The blast of frost hits the hill orc.
 The wolf is killed by the blast of frost!
 The blast of frost hits you!
 Your brown potion freezes and shatters!
 The hill orc picks up a blessed +2 dart.
 The hill orc swings his curved sword.
 The hill orc hits!
 In what direction? 6
 You kill the hill orc!
 In what direction? 6
 You throw 2 darts.
 The 1st dart hits the winter wolf cub!
 The 2nd dart hits the winter wolf cub!
 The winter wolf cub bites!
 What do you want to zap? [JRV or ?*] J
 Nothing happens.
 The winter wolf cub bites!
 You die...
 Do you want your possessions identified? [ynq] (y) y
 Do you want to see your attributes? [ynq] (y) y
 Do you want an account of creatures vanquished? [ynaq] (y) y
 Do you want to see your conduct and achievements? [ynq] (y) y
 Do you want to see the dungeon overview? [ynq] (y) y

Inventory:
 Coins    ('$')
  $ - 30 gold pieces
 Amulets  ('"')
  o - an uncursed amulet of ESP (being worn)
 Weapons  (')')
  p - 17 +0 darts
  A - a +0 long sword
 Armor    ('[')
  Y - an uncursed +0 dwarvish iron helm (being worn)
  I - an uncursed +0 pair of iron shoes (being worn)
  l - a blessed +0 Hawaiian shirt with a hibiscus flower motif (being worn)
  D - an uncursed +0 leather armor (being worn)
 Comestibles  ('%')
  c - 12 uncursed food rations
  z - a cursed food ration
  f - 2 uncursed tripe rations
 Scrolls  ('?')
  b - an uncursed scroll of charging
  u - an uncursed scroll of destroy armor
  Q - 2 uncursed scrolls of earth
  S - 2 uncursed scrolls of light
  k - 4 uncursed scrolls of magic mapping
  B - an uncursed scroll of teleportation
 Potions  ('!')
  H - a cursed potion of acid
  v - 2 uncursed potions of booze
  Z - an uncursed potion of confusion
  E - an uncursed potion of gain level
  F - a blessed potion of oil
  x - an uncursed potion of water
 Rings    ('=')
  P - a cursed ring of fire resistance
  U - an uncursed +1 ring of increase accuracy
  K - an uncursed ring of warning
 Wands    ('/')
  R - a wand of opening (0:5)
  V - a wand of striking named emtpy (0:0)
  J - a wand of teleportation (0:0)
 Tools    ('(')
  s - an uncursed sack named poisres containing 1 item
  n - an uncursed credit card
  m - an expensive camera (0:61)
  N - a +0 pick-axe (weapon in right hand)
  W - an uncursed tin opener
  T - an uncursed tin whistle
 Gems/Stones  ('*')
  O - 4 uncursed worthless pieces of green glass

Contents of the sack named poisres:
  537 gold pieces

DiePARTEI the Tourist's attributes:

Background:
 You were an Excursionist, a level 7 female human Tourist.
 You were neutral, on a mission for The Lady
 who was opposed by Blind Io (lawful) and Offler (chaotic).
 You were right-handed.
 You were in Sokoban, on level 4.
 You entered the dungeon 4929 turns ago.
 You had 1178 experience points, 102 more were needed to attain level 8.

Basics:
 You had 0 out of 46 hit points.
 You had all 23 energy points (spell power).
 Your armor class was 4.
 Your wallet contained 30 zorkmids, and
 you had 537 more stashed away in your pack.
 Autopickup was off.

Final Characteristics:
 Your strength was 18/04 (peak:18/05, limit:18/100).
 Your dexterity was 11 (limit:18).
 Your constitution was 16 (limit:18).
 Your intelligence was 12 (limit:18).
 Your wisdom was 16 (limit:18).
 Your charisma was 14 (limit:18).

Final Status:
 You weren't hungry.
 You were burdened; movement was slightly slowed.
 You were wielding a pick-axe.
 You were unskilled in pick-axe.

Final Attributes:
 You were piously aligned.
 You were poison resistant.
 You were telepathic.
 You were warded.
 You are dead.

Miscellaneous:
 You didn't encounter any bones levels.
 Total elapsed playing time was 1 hour, 9 minutes and 52 seconds.

Major events:
 Turn
    1: DiePARTEI the neutral female human Tourist entered the dungeon
  695: entered the Gnomish Mines
  695: attained the rank of Sightseer (level 3)
  887: reached Mine Town
 1974: attained the rank of Excursionist (level 6)
 3372: entered Sokoban
 3757: completed 1st Sokoban level
 4855: completed 2nd Sokoban level
 4929: killed by a winter wolf cub

Spells:
 Name                 Level Category     Fail Retention
 slow monster           2   enchantment  100%  76%-100%

Skills:
 Fighting Skills
   bare handed combat [Unskilled]
   two weapon combat  [Unskilled]
   riding             [Unskilled]
 Weapon Skills
   dagger             [Unskilled]
   knife              [Unskilled]
   axe                [Unskilled]
   pick-axe           [Unskilled]
   short sword        [Unskilled]
   broadsword         [Unskilled]
   long sword         [Unskilled]
   two-handed sword   [Unskilled]
   saber              [Unskilled]
   mace               [Unskilled]
   morning star       [Unskilled]
   flail              [Unskilled]
   hammer             [Unskilled]
   quarterstaff       [Unskilled]
   polearms           [Unskilled]
   spear              [Unskilled]
   trident            [Unskilled]
   lance              [Unskilled]
   bow                [Unskilled]
   sling              [Unskilled]
   crossbow           [Unskilled]
   dart               [Skilled]
   shuriken           [Unskilled]
   boomerang          [Unskilled]
   whip               [Unskilled]
   unicorn horn       [Unskilled]
 Spellcasting Skills
   divination spells  [Unskilled]
   enchantment spells [Unskilled]
   escape spells      [Unskilled]

Voluntary challenges:
 Character rerolling was not enabled.
 You never genocided any monsters.
 You never polymorphed an object.
 You never changed form.
 You used no wishes.
 You did not violate any of the special Sokoban rules.
Achievements:
 You entered a shop.
 You entered the Gnomish Mines.
 You attained the rank of Sightseer.
 You entered Minetown.
 You entered a temple.
 You attained the rank of Excursionist.
 You entered Sokoban.

 The Dungeons of Doom: levels 1 to 6
    Level 1:
       A fountain.
    Level 2:
       A potion shop, a sink.
       Stairs down to The Gnomish Mines.
    Level 3:
       A scroll shop, a fountain.
    Level 4:
       A fountain.
    Level 5:
       Many fountains.
       Oracle of Delphi.
    Level 6:
       A fountain.
       Stairs up to Sokoban, level 5.
 The Gnomish Mines: levels 3 to 5
    Level 3:
    Level 4:
    Level 5:
       Many shops, a temple and an altar, some fountains.
 Sokoban: levels 5 up to 4
    Level 4: <- You were here.
       Solved.
       Final resting place for
          you, killed by a winter wolf cub.
    Level 5:
       Solved.


Vanquished creatures:
  a giant beetle
  a wolf
  a gnome ruler
  a plains centaur
  a human zombie
  a bugbear
  a quasit
  a rock mole
  a fog cloud
  a gnome leader
  2 gnomish wizards
  a gray ooze
  4 elf zombies
  a ghoul
  3 giant ants
  a floating eye
  a kitten
  4 dwarves
  a homunculus
  9 hill orcs
  3 rothes
  2 rabid rats
  a giant bat
  6 orc zombies
  6 iguanas
  9 killer bees
 an acid blob
  3 coyotes
  a gas spore
  7 manes
  a cave spider
  a red mold
 16 gnomes
  2 geckos
  2 jackals
  a fox
  a kobold
  4 goblins
  2 grid bugs
  2 lichens
  3 newts
111 creatures vanquished.

No species were genocided or became extinct.

Game over:
                       ----------
                      /          \
                     /    REST    \
                    /      IN      \
                   /     PEACE      \
                  /                  \
                  |    DiePARTEI     |
                  |      567 Au      |
                  |   killed by a    |
                  | winter wolf cub  |
                  |                  |
                  |                  |
                  |       2026       |
                 *|     *  *  *      | *
        _________)/\\_//(\/(/\)/\//\/|_)_______

Aloha DiePARTEI the Tourist...

You died in Sokoban on dungeon level 4 with 5047 points,
and 567 pieces of gold, after 4929 moves.
You were level 7 with a maximum of 46 hit points when you died.

